Map: Prion Terraces

Players

ThePAIN - Winner!

  • Race: Terran Terran
  • League: Diamond

LilDicky

  • Race: Terran Terran
  • League: Diamond

VOD

http://www.twitch.tv/tumescentpie

Description

Time

  • Played on: Dec. 7, 2015, 4:23 p.m.
  • Length: 9:17
Show
View Real Time Build Order
Export as new Build Order

ThePAIN Terran - Winner!

Build Orders: 1/1/1 

Get SALT Encoding   

  12  0:00  SCV  
  13  0:13  SCV  
  14  0:17  Supply Depot  
  14  0:25  SCV  
  14  0:28  Refinery  
  15  0:39  SCV  
  16  0:45  Barracks  
  16  0:52  SCV  
  17  1:04  SCV  
  18  1:16  SCV  
  19  1:32  Marine, Orbital Command  
  20  1:33  Factory  
  20  1:38  Supply Depot  
  20  1:59  SCV  
  21  2:02  Barracks Reactor  
  21  2:10  Refinery  
  21  2:11  SCV  
  22  2:29  Starport  
  22  2:42  Hellion x2  
  22  2:43  SCV  
  26  3:03  Hellion x2  
  29  3:11  SCV  
  29  3:18  Medivac  
  31  3:22  Barracks Tech Lab  
  31  3:26  Command Center  
  31  3:42  Supply Depot  
  31  3:49  Starport Tech Lab  
  31  4:03  Marine x2  
  31  4:04  SCV, Siege Tank  
  36  4:11  Banshee, Cloaking Field  
  36  4:13  Supply Depot  
  39  4:35  SCV  
  39  4:36  Siege Tank  
  43  4:42  Marine  
  43  4:43  Marine  
  45  4:46  Supply Depot  
  45  4:51  Factory  
  39  5:16  Siege Tank  
  39  5:46  Orbital Command  
  39  5:48  Engineering Bay  
  33  6:12  Viking  
  32  6:20  Engineering Bay  
  26  6:47  Missile Turret  
  26  6:50  Missile Turret  
  20  7:09  Missile Turret  
  20  7:38  SCV  
  21  7:46  SCV  
  22  7:54  Refinery  
  19  8:07  SCV x2  
  19  8:12  Hellion x3  
Show
View Real Time Build Order
Export as new Build Order

LilDicky Terran 

Build Orders: Reaper Expand 

Get SALT Encoding   

  12  0:03  SCV  
  13  0:15  SCV  
  14  0:23  Supply Depot  
  14  0:27  SCV  
  15  0:32  Refinery  
  15  0:44  SCV  
  16  0:50  Barracks  
  17  1:08  SCV  
  17  1:20  SCV  
  19  1:39  Reaper, Orbital Command  
  19  1:42  Refinery  
  19  1:44  Supply Depot  
  19  1:54  Refinery  
  18  2:06  SCV  
  19  2:11  Factory  
  19  2:16  Marine  
  20  2:28  SCV  
  20  2:29  Command Center  
  21  2:34  Marine  
  22  2:41  Supply Depot  
  22  2:51  Marine  
  23  3:10  Marine  
  23  3:13  Factory Tech Lab, Starport  
  23  3:14  SCV  
  24  3:26  SCV  
  25  3:38  SCV  
  25  3:39  Widow Mine  
  29  3:47  Engineering Bay  
  28  3:51  SCV  
  29  4:03  SCV  
  29  4:05  Banshee, Cloaking Field  
  33  4:13  Planetary Fortress  
  33  4:16  SCV  
  28  4:27  Widow Mine  
  26  4:31  SCV  
  26  4:32  Marine  
  28  4:43  SCV  
  29  4:49  Marine  
  30  4:55  SCV  
  30  4:56  SCV  
  25  5:07  SCV  
  25  5:18  Banshee  
  28  5:39  SCV x2  
  30  5:51  SCV, Missile Turret x2  
  15  6:14  Viking  
  17  6:30  SCV  
  17  6:31  Marine  
  14  7:08  Hellion  
  13  7:19  Banshee  
  16  7:38  SCV  
  11  8:35  SCV  
  12  9:04  SCV  
Tags
 
Add a new tag
Caveats
  • Supply blocks, unpowered buildings, or Contaminate may cause inaccurate times.
  • Supply counts are checked every 10 seconds.